 Dungeon Crawl Stone Soup version 0.25.0-26-g0c896c7088 (webtiles) character file.

Game seed: 12008157717169363384

80 Exodus22XD the Slasher (level 4, 0/34 HPs)
             Began as a Human Gladiator on July 4, 2020.
             Slain by a centaur (9 damage)
             ... on level 3 of the Dungeon.
             The game lasted 00:01:30 (2344 turns).

Exodus22XD the Slasher (Human Gladiator)            Turns: 2344, Time: 00:01:30

Health: 0/34       AC:  4    Str: 16    XL:     4   Next: 65%
Magic:  4/4        EV: 13    Int:  8    God:
Gold:   69         SH:  0    Dex: 14    Spells: 3/3 levels left

rFire    . . .     SeeInvis .   a - +0 long sword
rCold    . . .     Gourm    .   (no shield)
rNeg     . . .     Faith    .   b - +0 leather armour
rPois    .         Spirit   .   c - +0 helmet
rElec    .         Reflect  .   (no cloak)
rCorr    .         Harm     .   (no gloves)
MR       .....                  (no boots)
Stlth    +.........             (no amulet)
HPRegen  0.11/turn              (no ring)
MPRegen  0.09/turn              (no ring)

@: no status effects
A: no striking features
a: no special abilities


You were on level 3 of the Dungeon.
You were not hungry.

You visited 1 branch of the dungeon, and saw 3 of its levels.

You collected 69 gold pieces.

Inventory:

Hand Weapons
 a - a +0 long sword (weapon)
Missiles
 d - 3 throwing nets (quivered)
Armour
 b - a +0 leather armour (worn)
 c - a +0 helmet (worn)
Jewellery
 j - a cursed ring of attention {unknown}
Scrolls
 h - 3 scrolls of teleportation {unknown}
 k - 3 scrolls of remove curse {unknown}
 l - a scroll of fear {unknown}
 m - 2 scrolls of identify {unknown}
 n - a scroll of magic mapping {unknown}
 p - a scroll of immolation {unknown}
Potions
 e - 4 potions of curing {unknown}
 i - a potion of brilliance {unknown}
 o - a potion of mutation {unknown}
 q - a potion of heal wounds {unknown}
Comestibles
 f - 4 rations


   Skills:
 + Level 2.3 Fighting
 + Level 3.6 Long Blades
 - Level 2.0 Throwing
 * Level 2.0 Armour
 + Level 3.5 Dodging
 + Level 0.5 Stealth


You had 3 spell levels left.
You didn't know any spells.
Your spell library was empty.

Dungeon Overview and Level Annotations

Branches:
Dungeon (3/15)

Altars:
Cheibriados
Hepliaklqana
Qazlal


Message History

A centaur is nearby!
The centaur unwields a +0 shortbow.
The centaur completely misses you.
Things that are here:
a +0 dagger; a kobold corpse You hit the centaur.
The centaur is lightly wounded.
The centaur misses you.
You riposte.
You barely miss the centaur.
The centaur is lightly wounded.
The centaur barely misses you.
You riposte.
You hit the centaur but do no damage.
The centaur is lightly wounded.
You hit the centaur.
The centaur is moderately wounded.
The centaur barely misses you. The centaur closely misses you.
You riposte.
You slash the centaur!
The centaur is severely wounded.
You hit the centaur.
The centaur is severely wounded.
The centaur hits you!
You die...

#.#.# #.# #.#.#
#.# #.#(###### #.#
########.#.......
#.# ..........>#
#.# .........#.#
#.#
#.########(#######
#.# #............
#.# #....@.......
#.# #....c.......
#.# #............
#.# #............
#.# .......#######
#.# ######### #.#
#.# #.# #.#


You could see a centaur.

Vanquished Creatures
  3 adders (D:2)
  An ooze (D:3)
  A worm (D:2)
  A dart slug (D:2)
  A leopard gecko (D:2)
  7 bats
  2 giant cockroaches
  5 hobgoblins
  4 jackals
  2 quokkas
  3 frilled lizards
  3 goblins (D:1)
  5 kobolds
  5 rats
43 creatures vanquished.

Notes
Turn   | Place    | Note
-------+----------+-------------------------------------------
     0 | D:1      | Exodus22XD the Human Gladiator began the quest for the Orb.
     0 | D:1      | Reached XP level 1. HP: 16/16 MP: 1/1
   338 | D:1      | Reached XP level 2. HP: 19/22 MP: 2/2
  1016 | D:2      | Reached skill level 1 in Armour
  1016 | D:2      | Reached XP level 3. HP: 7/27 MP: 3/3
  1674 | D:2      | Found a faded altar of an unknown god.
  1685 | D:2      | Found a stormy altar of Qazlal.
  1732 | D:2      | Reached XP level 4. HP: 26/33 MP: 4/4
  1882 | D:2      | Found a hazy altar of Hepliaklqana.
  2173 | D:3      | Found a snail-covered altar of Cheibriados.
  2336 | D:3      | Noticed a centaur
  2344 | D:3      | Slain by a centaur

Illustrated notes

Levels and vault maps discovered:
D:1:      psy_arrival_fountain, layout_basic, minivault_11, minmay_pentomino_u4
D:2:      layout_rooms, lemuel_round_altar, overflow_temple_1_default,
          chequers_ecumenical_altar_simple_redux
D:3:      layout_basic, cheibriados_altar_1, first_ration

Skill      XL: |  1  2  3  4 |
---------------+-------------+-----
Armour         | 1 2 |  2.0
Fighting       | |  2.3
Long Blades    | |  3.6
Throwing       | |  2.0
Dodging        | |  3.5
Stealth        | |  0.5

Action                   |  1- 3 |  4- 6 || total
-------------------------+-------+-------++-------
Melee: Long sword        |    68 |    33 ||   101
 Stab: Sleeping          |     1 |       ||     1
  Eat: Chunk             |     2 |     3 ||     5
Armor: Leather armour    |    16 |    14 ||    30
Dodge: Dodged            |    67 |    35 ||   102
       Rpst.: Long sword |    17 |    15 ||    32
